 Dungeon Crawl Stone Soup version 0.27.0-1-g7a089689b8 (webtiles) character file.

Game seed: 3661924697259348586

3 inmateoo the Magician (level 1, 0/9 HPs)
             Began as a Vine Stalker Hedge Wizard on Aug 1, 2021.
             Slain by a ball python (1 damage)
             ... on level 2 of the Dungeon.
             The game lasted 00:00:31 (328 turns).

inmateoo the Magician (Vine Stalker Hedge Wizard)    Turns: 328, Time: 00:00:31

Health: 0/9        AC:  2    Str: 12    XL:     1   Next: 50%
Magic:  0/5        EV: 12    Int: 14    God:
Gold:   13         SH:  0    Dex: 13    Spells: 5/6 levels left

rFire    . . .     SeeInvis .   (no weapon)
rCold    . . .     Faith    .   (no shield)
rNeg     . . .     Spirit   +   b - +0 robe
rPois    .         Reflect  .   c - +0 hat
rElec    .         Harm     .   (no cloak)
rCorr    .         Rampage  .   (no gloves)
Will     .....                  (no boots)
Stlth    ++........             (no amulet)
HPRegen  0.03/turn              (no ring)
MPRegen  0.09/turn              (no ring)

@: no status effects
A: fangs 2, magic shield, antimagic bite, no potion heal 2
a: no special abilities


You were on level 2 of the Dungeon.
You visited 1 branch of the dungeon, and saw 2 of its levels.

You collected 13 gold pieces.

Inventory:

Armour
 b - a +0 robe (worn)
 c - a +0 hat (worn)


   Skills:
 + Level 0.2 Fighting
 - Level 1.5 Dodging
 - Level 2.4 Stealth
 * Level 0.6 Unarmed Combat
 - Level 3.2 Spellcasting
 - Level 1.0 Conjurations
 - Level 1.0 Summonings
 - Level 1.0 Translocations


You had 5 spell levels left.
You knew the following spells:

 Your Spells              Type           Power      Damage    Failure   Level
a - Magic Dart            Conj           20%        1d4       14%         1

Your spell library contained the following spells:

 Spells                   Type           Power      Damage    Failure   Level
 Blink                    Tloc           N/A        N/A       22%         2
 Call Imp                 Summ           5%         N/A       22%         2
 Slow                     Hex            2%         N/A       32%         2
 Conjure Flame            Conj/Fire      3%         6-21      45%         3
 Mephitic Cloud           Conj/Pois/Air  3%         N/A       50%         3


Dungeon Overview and Level Annotations

Branches:
Dungeon (1/15)

Altars:

Annotations:
D:2 Sigmund


Innate Abilities, Weirdness & Mutations

You have extremely sharp teeth.
When hurt, damage is shared between your health and your magic reserves.
Your bite disrupts and absorbs the magic of your enemies.
Potions cannot restore your health.


Message History

The ball python completely misses you. The ball python grabs you.
The ball python constricts you.
You escape the ball python's grasp.
Sigmund casts a spell.
Sigmund flickers and vanishes!
Deactivating autopickup; reactivate with Ctrl-A.
The ball python closely misses you. The ball python barely misses you.
The giant cockroach barely misses you.
The ball python bites you but does no damage.
The ball python grabs you. The ball python constricts you.
You escape the ball python's grasp.
A giant cockroach comes into view.
The giant cockroach bites you but does no damage.
The giant cockroach misses you. The giant cockroach barely misses you.
The ball python closely misses you. x2
The giant cockroach barely misses you. The giant cockroach bites you.
A ball python comes into view.
A kobold comes into view. It is wielding a +0 hand axe.
Found a stone staircase leading down.
Found a dagger.
The giant cockroach bites you.
The kobold shouts!
You hear an angry hiss.
The ball python bites you but does no damage.
The ball python closely misses you. The giant cockroach barely misses you.
The kobold hits you with a +0 hand axe.
* * * LOW HITPOINT WARNING * * *
The ball python hisses angrily.
An adder comes into view.
The giant cockroach bites you.
* * * LOW HITPOINT WARNING * * *
The ball python closely misses you. The ball python grabs you.
The ball python constricts you.
You escape the ball python's grasp.
The ball python barely misses you. The ball python grabs you.
The ball python constricts you.
You escape the ball python's grasp.
There is a stone staircase leading down here.
The ball python bites you.
You die...

..............##+#......
..###########..........)
..... .................
........................
...............#........
...............KS.......
...............BSS......
..........#####S.####...
... #B@.......
##########


You could see 2 giant cockroaches, 4 ball pythons and a kobold.

Vanquished Creatures
  A giant cockroach (D:1)
  A goblin (D:1)
  A ball python (D:1)
3 creatures vanquished.

Notes
Turn   | Place    | Note
-------+----------+-------------------------------------------
     0 | D:1      | inmateoo the Vine Stalker Hedge Wizard began the quest for
                  | the Orb.
     0 | D:1      | Reached XP level 1. HP: 9/9 MP: 5/5
   276 | D:1      | You fall into a shaft and drop 1 floor!
   276 | D:2      | Noticed Sigmund
   328 | D:2      | Slain by a ball python

Illustrated notes

Levels and vault maps discovered:
D:1:      wander_arrival_desolate, layout_basic
D:2:      wad_river_or_something, layout_basic, serial_shops, shop, uniq_sigmund

Action                   || total
-------------------------++-------
Melee: Unarmed           ||     2
 Cast: Magic Dart        ||     6
Armor: Robe              ||     3
Dodge: Dodged            ||    18
